 Dungeon Sprint DCSS version 0.20.1-1-g8b1a95d (webtiles) character file.

49450 JustSomeDude the Grand Master (level 14, -10/149 HPs)
             Began as a Troll Monk on Aug 28, 2017.
             Was the Champion of Jiyva.
             Shot with an arrow by a deep elf master archer (30 damage)
             ... in the Dungeon (Sprint IX: "|||||||||||||||||||||||||||||").
             The game lasted 00:30:31 (2353 turns).

JustSomeDude the Grand Master (Troll Monk)          Turns: 2353, Time: 00:30:32

Health: -10/149    AC: 13    Str: 17    XL:     14   Next: 16%
Magic:  7/17       EV: 24    Int:  7    God:    Jiyva [******]
Gold:   1741       SH:  0    Dex: 20    Spells: 13/13 levels left

rFire    + . .     SeeInvis .     - Unarmed
rCold    . . .     Gourm    +   (no shield)
rNeg     . . .     Faith    .   c - +0 swamp dragon scales
rPois    +         Spirit   .   (helmet restricted)
rElec    +         Reflect  .   w - +0 cloak
rCorr    +         Harm     .   (gloves unavailable)
MR       +....     NoTele   +   (boots unavailable)
Stlth    +++.......             (no amulet)
Regen    0.8/turn               q - +2 ring of protection
MPRegen  0.2/turn               r - +2 ring of evasion

@: slimy (expiring)
A: unfitting armour, claws 3, fire resistance 1, fast metabolism 3, gourmand,
regeneration 1, shaggy fur 1, electricity resistance, tough skin 2, eyeballs 1,
gelatinous body 3, pseudopods 1, translucent skin 1, tendrils, jelly sensing
items
a: Request Jelly, Slimify, Cure Bad Mutation, Renounce Religion


You were in the Dungeon.
You worshipped Jiyva.
Jiyva was exalted by your worship.
You were completely stuffed.

You visited 1 branch You collected 1813 gold pieces.
You spent 72 gold pieces at shops.

Inventory:

Hand Weapons
 m - a +2 dire flail of crushing
 x - the +7 sceptre of Torment
   (You found it in the Dungeon)
Armour
 a - a +0 robe
 c - +0 swamp dragon scales (worn)
 o - the +0 robe of Absence {MP-9 Int+4 Slay+5}
   (You found it in the Dungeon)

   It affects your intelligence (+4).
   It affects your accuracy and damage with ranged weapons and melee attacks
   (+5).
   It affects your magic capacity (-9).
 w - a +0 cloak (worn)
Jewellery
 q - a +2 ring of protection (left claw)
 r - a +2 ring of evasion (right claw)
Wands
 l - a wand of iceblast (0/15)
Scrolls
 h - 2 scrolls of blinking
 j - 3 scrolls of remove curse
 k - 2 scrolls of amnesia
 t - 2 scrolls of identify
Potions
 f - 4 potions of magic
Comestibles
 b - 15 bread rations
 d - 6 chunks of flesh
 u - 40 fruits
 v - 12 meat rations


   Skills:
 + Level 12.1 Fighting
 + Level 3.4 Armour
 + Level 14.6 Dodging
 + Level 6.5 Stealth
 O Level 27 Unarmed Combat
 + Level 5.5 Evocations


You had 13 spell levels left.
You didn't know any spells.

Dungeon Overview and Level Annotations

Branches:
Dungeon (1/1)

Altars:
Cheibriados
Dithmenos
Elyvilon
Fedhas
Gozag
Hepliaklqana
Kikubaaqudgha
Makhleb
Nemelex Xobeh
Okawaru
Qazlal
Ru
Sif Muna
Trog
Uskayaw
Vehumet
Xom
Yredelemnul
Zin
The Shining One
Beogh
Jiyva
Lugonu

Shops:
D [(%*


Innate Abilities, Weirdness & Mutations

You are too large for most types of armour.
You have claws for hands.
Your metabolism is lightning-fast.
You like to eat raw meat.
Your natural rate of healing is unusually fast.
You are covered in fur. (AC +1)
You have very tough skin. (AC +2)
Your flesh is heat resistant. (rF+)
You are resistant to electric shocks. (rElec)
Your body has grown golden eyes which may confuse attackers. (Acc +3)
Your gelatinous body deflects attacks. (AC +3, EV +3)
Armour fits poorly on your pseudopods.
Your translucent skin slightly reduces your foes' accuracy. (Stealth)
You are covered in slimy tendrils that may disarm your opponents.
You have a small jelly attached to you that senses nearby items.


Message History

The arrow hits the slime creature!!!
The slime creature dies!
The harpy returns to her original shape as she dies.
Okay, then.
A thick mucus forms on your claws.
Your slime is starting to congeal.
The vault sentinel hits the slime creature with a morningstar.
The deep elf master archer shoots an arrow.
The arrow hits you.
* * * LOW HITPOINT WARNING * * *
The slime creature closely misses the vault sentinel.
A salamander comes into view.
The deep elf master archer shoots an arrow.
The arrow hits you!!
* * * LOW HITPOINT WARNING * * *
The vault sentinel blows a loud note on a signal horn!
The slime creature hits the vault sentinel!
The vault sentinel dies!
The deep elf master archer shoots an arrow.
The arrow hits you!!
You die...

∆∆ ∆∆∆∆∆∆ ∆∆∆∆∆∆ ∆∆
▓▓▓▓▓▓▓▓▓▓▓▓▓▓▓▓▓▓▓▓▓▓▓▓▓▓▓
{{{{{{zpp.NJ.'ze@(((....(.......'
▓▓▓▓▓▓▓▓▓▓▓▓▓▓▓▓▓▓▓▓▓▓▓▓▓▓▓▓▓▓▓▓▓
)................................
♣♣♣♣♣▓▓▓▓▓▓▓▓▓▓▓▓▓▓▓▓▓▓▓▓▓▓▓▓▓▓▓▓
....+.........'.......††'.†....{)
♣♣♣♣♣▓▓▓▓▓▓▓▓▓▓▓▓▓▓▓▓▓▓▓▓▓▓▓▓▓▓▓▓
.............)[.........).....)..
▓▓▓▓▓▓▓▓▓▓▓▓▓▓▓▓▓▓▓▓▓▓▓▓▓▓▓▓▓▓▓▓▓
....)†('............[.[.J........


You could see a deep elf master archer, a skeletal warrior, a salamander
(wandering) and a neutral slime creature (fellow slime).

Vanquished Creatures
  Rupert (D)
  A lich (D)
  An Orb Guardian (D)
  Frances (D)
  Agnes (D)
  2 fire giants (D)
  A nagaraja (D)
  A vault warden (D)
  A very ugly thing (D)
  4 stone giants (D)
  A fire dragon (D)
  An ogre mage (D)
  2 yaktaur captains (D)
  Harold (D)
  A centaur warrior (D)
  An ice dragon (D)
  A naga warrior (D)
  3 hydras (D)
  A deep troll shaman (D)
  A spriggan berserker (D)
  Nergalle (D)
  A swamp dragon (D)
  A spriggan druid (D)
  A flayed ghost (D)
  A naga ritualist (D)
  A sea snake (D)
  An orb spider (D)
  8 orc knights (D)
  A deep elf mage (D)
  An orc sorcerer (D)
  2 ugly things (D)
  2 manticores (D)
  A wolf spider (D)
  Maurice (D)
  2 elephants (D)
  A merfolk siren (D)
  2 black mambas (D)
  A torpor snail (D)
  A guardian serpent (D)
  2 yaktaurs (D)
  2 komodo dragons (D)
  A troll (D)
  2 tengu conjurers (D)
  A jumping spider (D)
  A wind drake (D)
  A tyrant leech (D)
  2 blink frogs (D)
  2 hornets (D)
  A bog body (D)
  2 hippogriffs (D)
  A snapping turtle (D)
  A shadow (D)
  4 redbacks (D)
  Eustachio (D)
  A yak (D)
  3 wargs (D)
  A soldier ant (D)
  2 hell hounds (D)
  A water moccasin (D)
  A porcupine (D)
  18 orc warriors (D)
  2 boggarts (D)
  4 wolves (D)
  A centaur (D)
  2 crocodiles (D)
  5 bullfrogs (D)
  2 howler monkeys (D)
  A crimson imp (D)
  A hound (D)
  3 orc priests (D)
  An orc wizard (D)
  2 iguanas (D)
  An adder (D)
  A leopard gecko (D)
  8 orcs (D)
  A bat skeleton (D)
  A goblin (D)
  A kobold (D)
  A frilled lizard (D)
  A rat (D)
147 creatures vanquished.

Vanquished Creatures (collateral kills)
  A frost giant (D)
  2 naga warriors (D)
  A mana viper (D)
4 creatures vanquished.

Vanquished Creatures (others)
  An azure jelly (D)
  A great orb of eyes (D)
  An alligator (D)
  A tengu warrior (D)
  A spatial maelstrom (D)
  A glowing orange brain (D)
  A merfolk siren (D)
  A vault sentinel (D)
  A floating eye (D)
  A merfolk (D)
  4 slime creatures (D)
  A crimson imp (D)
  6 jellies (D)
  An adder (D)
  A bat skeleton (D)
23 creatures vanquished.

Grand Total: 174 creatures vanquished

Notes
Turn   | Place    | Note
-------+----------+-------------------------------------------
     0 | D        | JustSomeDude the Troll Monk began the quest for the Orb.
     0 | D        | Reached XP level 1. HP: 22/22 MP: 0/0
    28 | D        | Banished a spatial maelstrom
    29 | D        | Noticed a crimson imp
    29 | D        | Noticed a hound
    29 | D        | Noticed an iguana
    29 | D        | Noticed a centaur
    32 | D        | Reached skill level 4 in Unarmed Combat
    32 | D        | Reached XP level 2. HP: 24/31 MP: 1/1
    39 | D        | Killed a crimson imp
    39 | D        | Reached skill level 5 in Unarmed Combat
    39 | D        | Reached XP level 3. HP: 35/39 MP: 2/2
    46 | D        | Killed a centaur
    46 | D        | Reached skill level 5 in Fighting
    46 | D        | Reached skill level 5 in Dodging
    46 | D        | Reached skill level 6 in Unarmed Combat
    46 | D        | Reached XP level 4. HP: 37/50 MP: 3/3
    49 | D        | Reached skill level 7 in Unarmed Combat
    49 | D        | Reached XP level 5. HP: 43/57 MP: 4/4
    91 | D        | Found a roughly hewn altar of Beogh.
    91 | D        | Found a snail-covered altar of Cheibriados.
    91 | D        | Found a shadowy altar of Dithmenos.
    91 | D        | Found a white marble altar of Elyvilon.
    91 | D        | Found a blossoming altar of Fedhas.
    91 | D        | Found an opulent altar of Gozag.
    92 | D        | Found a hazy altar of Hepliaklqana.
    93 | D        | Found a viscous altar of Jiyva.
    94 | D        | Found an ancient bone altar of Kikubaaqudgha.
    95 | D        | Found a corrupted altar of Lugonu.
    96 | D        | Found a burning altar of Makhleb.
    97 | D        | Found a sparkling altar of Nemelex Xobeh.
    98 | D        | Found an iron altar of Okawaru.
    99 | D        | Found a stormy altar of Qazlal.
   100 | D        | Found a sacrificial altar of Ru.
   101 | D        | Became a worshipper of Jiyva Jeliadgh the Shapeless
   101 | D        | Reached * piety under Jiyva
   101 | D        | Reached ** piety under Jiyva
   112 | D        | Found a deep blue altar of Sif Muna.
   113 | D        | Found a bloodstained altar of Trog.
   114 | D        | Found a hide-covered altar of Uskayaw.
   115 | D        | Found a radiant altar of Vehumet.
   117 | D        | Found a shimmering altar of Xom.
   118 | D        | Found a basalt altar of Yredelemnul.
   119 | D        | Found a glowing silver altar of Zin.
   120 | D        | Found a glowing golden altar of the Shining One.
   153 | D        | Noticed an orc warrior
   153 | D        | Noticed a hippogriff
   155 | D        | Reached *** piety under Jiyva
   157 | D        | Reached skill level 8 in Unarmed Combat
   164 | D        | Killed a hippogriff
   164 | D        | Reached skill level 9 in Unarmed Combat
   164 | D        | Reached XP level 6. HP: 56/68 MP: 5/5
   171 | D        | Killed an orc warrior
   171 | D        | Reached skill level 10 in Unarmed Combat
   181 | D        | Gained mutation: Your rubbery body absorbs attacks. (AC +1, EV +1) [Jiyva's grace]
   181 | D        | Reached **** piety under Jiyva
   185 | D        | Gained mutation: You are agile. (Dex +2) [Jiyva's grace]
   187 | D        | Lost mutation: Your rubbery body absorbs attacks. (AC +1, EV +1) [Jiyva's grace]
   187 | D        | Reached ***** piety under Jiyva
   187 | D        | Lost mutation: You are agile. (Dex +2) [Jiyva's grace]
   194 | D        | Gained mutation: You can translocate small distances at will. [Jiyva's grace]
   194 | D        | Reached ****** piety under Jiyva
   194 | D        | Gained mutation: You have an increased reservoir of magic. (+10% MP) [Jiyva's grace]
   194 | D        | Gained mutation: Your rubbery body absorbs attacks. (AC +1, EV +1) [Jiyva's grace]
   196 | D        | Noticed a hornet
   196 | D        | Noticed a troll
   196 | D        | Noticed a red ugly thing
   197 | D        | Gained mutation: You are dopey. (Int -2) [Jiyva's grace]
   205 | D        | Killed a red ugly thing
   205 | D        | Reached skill level 11 in Unarmed Combat
   205 | D        | Reached XP level 7. HP: 57/79 MP: 6/6
   209 | D        | Reached skill level 12 in Unarmed Combat
   217 | D        | Killed a troll
   217 | D        | Reached XP level 8. HP: 67/88 MP: 7/7
   219 | D        | Killed a hornet
   219 | D        | Reached skill level 13 in Unarmed Combat
   302 | D        | Gained mutation: Your flesh is heat resistant. (rF+) [mutagenic meat]
   323 | D        | Got the cursed +0 robe of Absence {MP-9 Int+4 Slay+5}
   346 | D        | Noticed an eight-headed hydra
   346 | D        | Noticed a five-headed hydra
   346 | D        | Noticed a komodo dragon
   350 | D        | Killed a komodo dragon
   354 | D        | Killed an eight-headed hydra
   354 | D        | Reached skill level 14 in Unarmed Combat
   354 | D        | Reached XP level 9. HP: 97/97 MP: 0/8
   357 | D        | Killed an 11-headed hydra
   357 | D        | Reached skill level 15 in Unarmed Combat
   435 | D        | Noticed an elephant
   435 | D        | Noticed an elephant
   435 | D        | Noticed a komodo dragon
   442 | D        | Killed a komodo dragon
   442 | D        | Reached skill level 16 in Unarmed Combat
   444 | D        | Reached XP level 10. HP: 97/107 MP: 1/10
   451 | D        | Killed an elephant
   451 | D        | Reached skill level 10 in Dodging
   462 | D        | Killed an elephant
   462 | D        | Reached skill level 17 in Unarmed Combat
   716 | D        | Noticed an orc sorcerer
   716 | D        | Noticed an orc knight
   726 | D        | Killed an orc knight
   726 | D        | Reached skill level 18 in Unarmed Combat
   729 | D        | Killed an orc sorcerer
   805 | D        | Noticed an orc knight
   829 | D        | Killed an orc knight
   830 | D        | Reached XP level 11. HP: 102/115 MP: 2/11
   841 | D        | Reached skill level 19 in Unarmed Combat
   876 | D        | Found Poeseuc's Assorted Antiques.
   876 | D        | Noticed an orc knight
   877 | D        | Noticed an orc knight
   881 | D        | Gained mutation: You are clumsy. (Dex -2) [Jiyva's grace]
   883 | D        | Gained mutation: Armour fits poorly on your pseudopods. [Jiyva's grace]
   884 | D        | Killed an orc knight
   889 | D        | Gained mutation: You have acidic saliva. [Jiyva's grace]
   892 | D        | Killed an orc knight
   892 | D        | Gained mutation: Potions are less effective at restoring your health. [Jiyva's grace]
   895 | D        | Gained mutation: You are surrounded by a mild repulsion field. (EV +2) [Jiyva's grace]
   897 | D        | Lost mutation: Armour fits poorly on your pseudopods. [Jiyva's grace]
   900 | D        | Gained mutation: Your muscles are strong. (Str +2) [Jiyva's grace]
   902 | D        | Lost mutation: You are dopey. (Int -2) [Jiyva's grace]
   907 | D        | Gained mutation: Your body has grown golden eyes which may confuse attackers. (Acc +3) [Jiyva's grace]
   909 | D        | Lost mutation: Your rubbery body absorbs attacks. (AC +1, EV +1) [Jiyva's grace]
   910 | D        | Found Jaodes's Food Shop.
   910 | D        | Found Awunkop's Weapon Boutique.
   910 | D        | Found Noazommo's Armour Shop.
   910 | D        | Noticed an orc knight
   914 | D        | Gained mutation: You have a small jelly attached to you that may absorb incoming projectiles. [Jiyva's grace]
   915 | D        | Noticed an orc knight
   915 | D        | Lost mutation: You have acidic saliva. [Jiyva's grace]
   915 | D        | Gained mutation: You have sharp toenails. [Jiyva's grace]
   920 | D        | Killed an orc knight
   921 | D        | Noticed an orc knight
   921 | D        | Lost mutation: You can translocate small distances at will. [Jiyva's grace]
   924 | D        | Lost mutation: Your muscles are strong. (Str +2) [Jiyva's grace]
   928 | D        | Killed an orc knight
   928 | D        | Reached skill level 20 in Unarmed Combat
   931 | D        | Killed an orc knight
   931 | D        | Lost mutation: You are surrounded by a mild repulsion field. (EV +2) [Jiyva's grace]
   935 | D        | Lost mutation: You are clumsy. (Dex -2) [Jiyva's grace]
   937 | D        | Lost mutation: You have a small jelly attached to you that may absorb incoming projectiles. [Jiyva's grace]
   949 | D        | Bought 2 fizzy sapphire potions for 48 gold pieces
   949 | D        | Bought a green potion for 24 gold pieces
   953 | D        | Noticed an orc knight
   962 | D        | Killed an orc knight
   987 | D        | Noticed Harold
   996 | D        | Killed Harold
   996 | D        | Reached skill level 10 in Fighting
  1057 | D        | Gained mutation: Armour fits poorly on your pseudopods. [Jiyva's grace]
  1100 | D        | Noticed a centaur warrior
  1101 | D        | Noticed a deep elf mage
  1114 | D        | Reached skill level 1 in Evocations
  1115 | D        | Noticed a sun demon
  1119 | D        | Noticed a glowing orange brain
  1121 | D        | Killed a centaur warrior
  1121 | D        | Reached skill level 5 in Stealth
  1121 | D        | Reached skill level 21 in Unarmed Combat
  1123 | D        | Killed a deep elf mage
  1126 | D        | Noticed an ogre mage
  1128 | D        | Killed a glowing orange brain
  1129 | D        | Noticed a red very ugly thing
  1131 | D        | Noticed a yaktaur captain
  1133 | D        | Noticed a great orb of eyes
  1140 | D        | Killed a red very ugly thing
  1142 | D        | Noticed a tengu warrior
  1144 | D        | Killed an ogre mage
  1144 | D        | Reached XP level 12. HP: 82/126 MP: 4/13
  1147 | D        | Killed a tengu warrior
  1152 | D        | Killed a yaktaur captain
  1154 | D        | Reached skill level 22 in Unarmed Combat
  1156 | D        | Lost mutation: Your body has grown golden eyes which may confuse attackers. (Acc +3) [Jiyva's grace]
  1157 | D        | Lost mutation: Armour fits poorly on your pseudopods. [Jiyva's grace]
  1157 | D        | Gained mutation: You possess an exceptional clarity of mind. [Jiyva's grace]
  1157 | D        | Gained mutation: You are covered in slimy tendrils that may disarm your opponents. [Jiyva's grace]
  1171 | D        | Gained mutation: You have a small jelly attached to you that senses nearby items. [Jiyva's grace]
  1171 | D        | Lost mutation: Potions are less effective at restoring your health. [Jiyva's grace]
  1172 | D        | Noticed Frances
  1173 | D        | Lost mutation: You possess an exceptional clarity of mind. [Jiyva's grace]
  1174 | D        | Noticed Maurice
  1174 | D        | Gained mutation: You can translocate small distances at will. [Jiyva's grace]
  1176 | D        | Gained mutation: Your muscles are strong. (Str +2) [Jiyva's grace]
  1176 | D        | Gained mutation: You are partially covered in yellow scales. (AC +2) [Jiyva's grace]
  1179 | D        | Killed Frances
  1201 | D        | Noticed Nergalle
  1207 | D        | Killed Maurice
  1211 | D        | Killed Nergalle
  1217 | D        | Noticed Rupert
  1220 | D        | Paralysed by Rupert for 3 turns
  1228 | D        | Paralysed by Rupert for 6 turns
  1237 | D        | Killed Rupert
  1237 | D        | Reached skill level 23 in Unarmed Combat
  1272 | D        | Gained mutation: Your body has grown golden eyes which may confuse attackers. (Acc +3) [Jiyva's grace]
  1272 | D        | Lost mutation: Your flesh is heat resistant. (rF+) [Jiyva's grace]
  1338 | D        | Gained mutation: You are somewhat resistant to further mutation. [Jiyva's grace]
  1338 | D        | Gained mutation: Your spells are a little easier to cast, but a little less powerful. [Jiyva's grace]
  1338 | D        | Gained mutation: You are partially covered in molten scales. (AC +2) [Jiyva's grace]
  1340 | D        | Noticed Agnes
  1341 | D        | Lost mutation: You have a small jelly attached to you that senses nearby items. [Jiyva's grace]
  1345 | D        | Lost mutation: You are somewhat resistant to further mutation. [Jiyva's grace]
  1348 | D        | Killed Agnes
  1354 | D        | Lost mutation: You have an increased reservoir of magic. (+10% MP) [Jiyva's grace]
  1361 | D        | Gained mutation: You are partially covered in large bone plates. (SH +4) [Jiyva's grace]
  1365 | D        | Lost mutation: You are partially covered in large bone plates. (SH +4) [Jiyva's grace]
  1368 | D        | Gained mutation: You have supernaturally acute eyesight. (SInv) [Jiyva's grace]
  1370 | D        | Gained mutation: You are somewhat resistant to further mutation. [Jiyva's grace]
  1371 | D        | Gained mutation: You are robust. (+10% HP) [Jiyva's grace]
  1376 | D        | Lost mutation: Your body has grown golden eyes which may confuse attackers. (Acc +3) [Jiyva's grace]
  1379 | D        | Lost mutation: You are somewhat resistant to further mutation. [Jiyva's grace]
  1383 | D        | Gained mutation: Your translucent skin slightly reduces your foes' accuracy. (Stealth) [Jiyva's grace]
  1390 | D        | Lost mutation: Your translucent skin slightly reduces your foes' accuracy. (Stealth) [Jiyva's grace]
  1393 | D        | Lost mutation: You are robust. (+10% HP) [Jiyva's grace]
  1395 | D        | Lost mutation: You have sharp toenails. [Jiyva's grace]
  1398 | D        | Gained mutation: You have acidic saliva. [Jiyva's grace]
  1400 | D        | Lost mutation: You are partially covered in yellow scales. (AC +2) [Jiyva's grace]
  1400 | D        | Lost mutation: Your spells are a little easier to cast, but a little less powerful. [Jiyva's grace]
  1402 | D        | Gained mutation: You have sharp toenails. [Jiyva's grace]
  1411 | D        | Noticed a nagaraja
  1411 | D        | Noticed a naga warrior
  1412 | D        | Noticed a naga warrior
  1416 | D        | Noticed a naga warrior
  1419 | D        | Killed a nagaraja
  1434 | D        | Killed a naga warrior
  1440 | D        | Killed a naga warrior
  1440 | D        | Reached skill level 24 in Unarmed Combat
  1444 | D        | Killed a naga warrior
  1458 | D        | Reached XP level 13. HP: 71/135 MP: 5/14
  1458 | D        | Gained mutation: Your flesh is cold resistant. (rC+) [Jiyva's grace]
  1458 | D        | Lost mutation: Your muscles are strong. (Str +2) [Jiyva's grace]
  1458 | D        | Gained mutation: Your spells are a little harder to cast, but a little more powerful. [Jiyva's grace]
  1469 | D        | Lost mutation: Your flesh is cold resistant. (rC+) [Jiyva's grace]
  1489 | D        | Gained mutation: You are somewhat resistant to further mutation. [Jiyva's grace]
  1492 | D        | Gained mutation: You are partially covered in slimy green scales. (AC +2) [Jiyva's grace]
  1492 | D        | Gained mutation: You possess an exceptional clarity of mind. [Jiyva's grace]
  1531 | D        | Noticed a merfolk impaler
  1539 | D        | Gained mutation: Your flesh is heat resistant. (rF+) [Jiyva's grace]
  1557 | D        | Slimified a merfolk impaler
  1557 | D        | Noticed an acid blob
  1557 | D        | a merfolk impaler changed into an acid blob
  1558 | D        | Lost mutation: You can translocate small distances at will. [Jiyva's grace]
  1576 | D        | Lost mutation: Your flesh is heat resistant. (rF+) [Jiyva's grace]
  1576 | D        | Gained mutation: You have a small jelly attached to you that may absorb incoming projectiles. [Jiyva's grace]
  1598 | D        | Gained mutation: Your rubbery body absorbs attacks. (AC +1, EV +1) [Jiyva's grace]
  1599 | D        | Lost mutation: You are partially covered in slimy green scales. (AC +2) [Jiyva's grace]
  1607 | D        | Lost mutation: You are partially covered in molten scales. (AC +2) [Jiyva's grace]
  1607 | D        | Lost mutation: Your spells are a little harder to cast, but a little more powerful. [Jiyva's grace]
  1607 | D        | Lost mutation: You have sharp toenails. [Jiyva's grace]
  1608 | D        | Gained mutation: Your translucent skin slightly reduces your foes' accuracy. (Stealth) [Jiyva's grace]
  1611 | D        | Lost mutation: You possess an exceptional clarity of mind. [Jiyva's grace]
  1611 | D        | Gained mutation: Your flesh is heat resistant. (rF+) [Jiyva's grace]
  1611 | D        | Gained mutation: You are partially covered in slimy green scales. (AC +2) [Jiyva's grace]
  1615 | D        | Gained mutation: Your muscles are strong. (Str +2) [Jiyva's grace]
  1712 | D        | Noticed a brown very ugly thing
  1724 | D        | Reached skill level 25 in Unarmed Combat
  1741 | D        | Slimified a brown very ugly thing
  1741 | D        | Noticed an azure jelly
  1741 | D        | a brown very ugly thing changed into an azure jelly
  1742 | D        | Lost mutation: You have a small jelly attached to you that may absorb incoming projectiles. [Jiyva's grace]
  1748 | D        | Lost mutation: You have supernaturally acute eyesight. (SInv) [Jiyva's grace]
  1753 | D        | Lost mutation: Your muscles are strong. (Str +2) [Jiyva's grace]
  1758 | D        | Gained mutation: Your muscles are strong. (Str +2) [Jiyva's grace]
  1761 | D        | Lost mutation: You are partially covered in slimy green scales. (AC +2) [Jiyva's grace]
  1768 | D        | Lost mutation: You are covered in slimy tendrils that may disarm your opponents. [Jiyva's grace]
  1852 | D        | Lost mutation: You have acidic saliva. [Jiyva's grace]
  1852 | D        | Gained mutation: Your pliable body absorbs attacks. (AC +2, EV +2) [Jiyva's grace]
  1853 | D        | Lost mutation: Your muscles are strong. (Str +2) [Jiyva's grace]
  1853 | D        | Lost mutation: Your flesh is heat resistant. (rF+) [Jiyva's grace]
  1854 | D        | Gained mutation: Your flesh is cold resistant. (rC+) [Jiyva's grace]
  1855 | D        | Lost mutation: Your flesh is cold resistant. (rC+) [Jiyva's grace]
  1856 | D        | Lost mutation: You are somewhat resistant to further mutation. [Jiyva's grace]
  1856 | D        | Gained mutation: Your mind is acute. (Int +2) [Jiyva's grace]
  1858 | D        | Gained mutation: You are clumsy. (Dex -2) [Jiyva's grace]
  1858 | D        | Gained mutation: You have acidic saliva. [Jiyva's grace]
  1859 | D        | Lost mutation: Your mind is acute. (Int +2) [Jiyva's grace]
  1860 | D        | Lost mutation: You have acidic saliva. [Jiyva's grace]
  1860 | D        | Gained mutation: Your muscles are strong. (Str +2) [Jiyva's grace]
  1871 | D        | Gained mutation: You have a pair of small antennae on your head. [Jiyva's grace]
  1872 | D        | Gained mutation: You possess an exceptional clarity of mind. [Jiyva's grace]
  1872 | D        | Gained mutation: Your spells are a little harder to cast, but a little more powerful. [Jiyva's grace]
  1872 | D        | Gained mutation: Armour fits poorly on your pseudopods. [Jiyva's grace]
  1873 | D        | Lost mutation: Your muscles are strong. (Str +2) [Jiyva's grace]
  1873 | D        | Lost mutation: You possess an exceptional clarity of mind. [Jiyva's grace]
  1874 | D        | Lost mutation: You are clumsy. (Dex -2) [Jiyva's grace]
  1875 | D        | Gained mutation: You have an increased reservoir of magic. (+10% MP) [Jiyva's grace]
  1876 | D        | Lost mutation: Your spells are a little harder to cast, but a little more powerful. [Jiyva's grace]
  1884 | D        | Gained mutation: You are resistant to electric shocks. (rElec) [Jiyva's grace]
  1890 | D        | Gained mutation: Scrolls take you a little longer to read. [Jiyva's grace]
  1891 | D        | Gained mutation: You have acidic saliva. [Jiyva's grace]
  1892 | D        | Gained mutation: Your flesh is heat resistant. (rF+) [Jiyva's grace]
  1893 | D        | Gained mutation: You have a small jelly attached to you that senses nearby items. [Jiyva's grace]
  1894 | D        | Noticed Eustachio
  1904 | D        | Killed Eustachio
  1973 | D        | Noticed a stone giant
  1973 | D        | Noticed a stone giant
  1973 | D        | Noticed a frost giant
  1973 | D        | Noticed a stone giant
  1973 | D        | Noticed a lich
  1975 | D        | Noticed a stone giant
  1977 | D        | Killed a lich
  1978 | D        | Noticed a fire giant
  1982 | D        | Noticed a fire giant
  1986 | D        | Killed a stone giant
  1993 | D        | Killed a frost giant
  2002 | D        | Killed a stone giant
  2011 | D        | Killed a stone giant
  2011 | D        | Reached skill level 1 in Armour
  2013 | D        | Killed a stone giant
  2013 | D        | Reached skill level 26 in Unarmed Combat
  2016 | D        | Gained mutation: Your spells are a little harder to cast, but a little more powerful. [Jiyva's grace]
  2017 | D        | Killed a fire giant
  2022 | D        | Killed a fire giant
  2025 | D        | Lost mutation: Your spells are a little harder to cast, but a little more powerful. [Jiyva's grace]
  2025 | D        | Gained mutation: You are covered in slimy tendrils that may disarm your opponents. [Jiyva's grace]
  2027 | D        | Gained mutation: You are resistant to hostile enchantments. (MR+) [Jiyva's grace]
  2027 | D        | Gained mutation: Your body has grown golden eyes which may confuse attackers. (Acc +3) [Jiyva's grace]
  2031 | D        | Lost mutation: Scrolls take you a little longer to read. [Jiyva's grace]
  2031 | D        | Gained mutation: You are highly resistant to hostile enchantments. (MR++) [Jiyva's grace]
  2162 | D        | Noticed a fire dragon
  2163 | D        | Noticed a fire dragon
  2163 | D        | Gained mutation: You possess an exceptional clarity of mind. [Jiyva's grace]
  2175 | D        | Gained mutation: Your gelatinous body deflects attacks. (AC +3, EV +3) [Jiyva's grace]
  2177 | D        | Lost mutation: You are highly resistant to hostile enchantments. (MR++) [Jiyva's grace]
  2182 | D        | Slimified a fire dragon
  2182 | D        | Noticed an azure jelly
  2182 | D        | a fire dragon changed into an azure jelly
  2183 | D        | Lost mutation: You have acidic saliva. [Jiyva's grace]
  2184 | D        | Killed an azure jelly
  2185 | D        | Lost mutation: You have a pair of small antennae on your head. [Jiyva's grace]
  2185 | D        | Lost mutation: You have an increased reservoir of magic. (+10% MP) [Jiyva's grace]
  2185 | D        | Lost mutation: You are resistant to hostile enchantments. (MR+) [Jiyva's grace]
  2201 | D        | Killed a fire dragon
  2201 | D        | Reached XP level 14. HP: 80/148 MP: 16/16
  2211 | D        | Reached skill level 5 in Evocations
  2300 | D        | Noticed a vault warden
  2313 | D        | Lost mutation: You possess an exceptional clarity of mind. [Jiyva's grace]
  2337 | D        | Noticed a deep elf master archer
  2337 | D        | Noticed an Orb Guardian
  2338 | D        | Killed a vault warden
  2344 | D        | Killed an Orb Guardian
  2344 | D        | Reached skill level 27 in Unarmed Combat
  2353 | D        | Shot with an arrow by a deep elf master archer

Skill      XL: |  1  2  3  4  5  6  7  8  9 10 11 12 13 14 |
---------------+-------------------------------------------+-----
Fighting       | 3 4 5 6 7 8 9 10 11 12 | 12.1
Dodging        | 3 4 5 6 7 8 9 10 11 12 14 | 14.6
Unarmed Combat | 4 5 6 7 9 11 12 14 16 18 21 24 26 27 | 27.0
Stealth        | 2 3 4 5 6 |  6.5
Evocations     | 1 3 4 5 |  5.5
Armour         | 2 3 |  3.4

Action                   |  1- 3 |  4- 6 |  7- 9 | 10-12 | 13-15 || total
-------------------------+-------+-------+-------+-------+-------++-------
Melee: Unarmed           |    25 |    29 |    48 |   223 |   151 ||   476
       Punch             |     1 |     1 |     4 |    32 |    19 ||    57
       Kick              |       |       |       |    32 |    21 ||    53
       Pseudopods        |       |       |       |     8 |    20 ||    28
       Bite              |       |       |       |     5 |    22 ||    27
Invok: Request Jelly     |       |     1 |       |       |       ||     1
       Slimify           |       |       |       |       |     7 ||     7
Evoke: Wand              |       |       |       |     5 |    12 ||    17
  Use: Potion            |     2 |     2 |     1 |    12 |     8 ||    25
       Scroll            |       |       |     1 |     1 |     3 ||     5
 Stab: Invisible         |       |       |     3 |       |       ||     3
       Distracted        |       |       |       |     1 |       ||     1
       Sleeping          |       |       |       |     1 |     1 ||     2
  Eat: Chunk             |     5 |     1 |     3 |     2 |     1 ||    12
Armor: Robe              |     3 |     6 |     1 |    15 |     5 ||    30
       Swamp dragon scal |       |       |       |       |    11 ||    11
Dodge: Dodged            |    10 |    15 |    28 |   115 |    94 ||   262
